[Event "Israel National League 2024"]
[Site "Israel"]
[Date "2024.02.09"]
[Round "5.4"]
[White "Baron, Tal"]
[Black "Ben-Menachem, Itzhak"]
[Result "1/2-1/2"]
[ECO "C67"]
[WhiteElo "2490"]
[BlackElo "2266"]
[Annotator "TA"]
[PlyCount "65"]
[EventDate "2024.01.07"]
[EventType "team-tourn"]
[EventCountry "ISR"]
[SourceTitle "playchess.com"]
[Source "ChessBase"]
[SourceQuality "1"]
[TimeControl "40/5400+30:1800+30"]

1. e4 e5 2. Nf3 Nc6 3. Bb5 Nf6 4. O-O Nxe4 5. Re1 Nd6 6. Nxe5 Be7 7. Bf1 Nxe5 8. Rxe5 O-O 9. d4 Bf6 10. Re1 Re8 11. Bf4 Rxe1 12. Qxe1 Ne8 13. Nc3 Bxd4 14. Nd5 {[%emt 0:00:00] [#] Black must now prevent Qe4.} c6 15. Ne7+ Kf8 16. Nxc8 {[%emt 0:00:00][%cal Oa1d1] Hoping for Rd1!} Qf6 $1 (16... Qxc8 $2 {is the wrong capture.} 17. Qe4 $18) 17. Bg3 {[%emt 0:00:00] Qb4+ would now be deadly.} Rxc8 18. Qb4+ d6 $1 19. Qxb7 Rc7 20. Qa8 Bxb2 21. Re1 $132 {[%emt 0:00:00][%csl Ga8][%cal Re1e8,Ba1e1,Be1e3,Be3f3][%mdl 2080] [#] White puts up resistance} Be5 22. Re3 g5 23. c4 Re7 {[%emt 0:17:57] And now ...Bxg3 would win.} 24. Rf3 Bf4 25. Bxf4 gxf4 26. Qxc6 (26. g3 $5) 26... Re1 {[%emt 0:04:06] aiming for ...Qa1.} 27. c5 Qa1 28. Qa6 Nc7 29. Qxd6+ (29. Qc8+ $1 $11 {and White stays safe.} Ne8 30. Qa6) 29... Ke8 ({Better is} 29... Kg7 $19 30. Qd3 Ne6) 30. Qc6+ $17 Kf8 31. Qd6+ Ke8 $2 (31... Kg7 $17 32. Qd3 Ne6) 32. Qc6+ $11 Kf8 33. Qd6+ $2 {[%emt 0:00:00] Weighted Error Value: White=0.17 (very precise) /Black=0.25 (precise) .  Loses game:     	White=2     	---        Mistake:       	---       	Black=2      Inaccurate:     	White=2     	Black=3      OK:         	White=9     	Black=8      Best:        	White=3     	Black=4      Strong:       	---       	Black=2} (33. Qh6+ $11 {and White has nothing to worry.} Kg8 34. Qg5+ Kh8 35. Qd8+ Kg7 36. Qg5+ (36. Qd3 $2 Ne6 $19) 36... Kh8 37. Qd8+ Kg7 38. Qg5+ (38. Qd3 $2 Ne6 $19) 38... Kh8) 1/2-1/2

[Event "Israel National League 2024"]
[Site "Israel"]
[Date "2024.02.09"]
[Round "5.5"]
[White "Klar, Nir"]
[Black "Flom, Gabriel"]
[Result "0-1"]
[ECO "B68"]
[WhiteElo "2157"]
[BlackElo "2421"]
[Annotator "RC"]
[PlyCount "122"]
[EventDate "2024.01.07"]
[EventType "team-tourn"]
[EventCountry "ISR"]
[SourceTitle "playchess.com"]
[Source "ChessBase"]
[SourceQuality "1"]
[TimeControl "40/5400+30:1800+30"]

1. e4 c5 2. Nc3 Nc6 3. Nf3 d6 4. d4 cxd4 5. Nxd4 Nf6 6. Bg5 e6 7. Qd2 a6 8. O-O-O Be7 9. f4 Bd7 10. Nf3 b5 11. e5 b4 12. exf6 bxc3 13. Qxc3 gxf6 14. Bh4 Rg8 15. Kb1 a5 16. h3 Rc8 17. Qe3 h5 18. Be2 Rb8 19. g4 hxg4 20. hxg4 Qb6 21. Qc3 Qb4 22. Bxf6 Bxf6 23. Qxf6 Ne5 24. b3 Nxg4 25. Qh4 Ne3 26. Rd4 Qc5 27. Qh7 Rf8 28. Qd3 Nf5 29. Rc4 Qe3 30. Qxe3 Nxe3 31. Re4 Nf5 32. Re1 Rg8 33. Bd1 Ke7 34. Nd4 Ng3 35. R4e3 Kf6 36. Rc3 Rb4 37. Rd3 Rg7 38. c3 Rb6 39. Kb2 d5 40. Rde3 Nf5 41. Rd3 Rg2+ 42. Ka3 Nd6 43. Re2 Rg1 44. Bc2 Nb5+ 45. Kb2 a4 46. Bd1 a3+ 47. Kc2 Rf1 48. Nf3 Rc6 49. Ree3 Rc7 50. Kd2 Nd6 51. Ke2 Rh1 52. Kf2 Nf5 53. Re1 Bb5 54. c4 dxc4 55. bxc4 Rxe1 56. Nxe1 Rxc4 57. Ng2 Rb4 58. Rb3 Rxb3 59. Bxb3 Nd4 60. Ne3 Nxb3 61. axb3 Bd3 0-1

[Event "Israel National League 2024"]
[Site "Israel"]
[Date "2024.02.09"]
[Round "5.6"]
[White "Solomon, Asif"]
[Black "Erenberg, Shlomy"]
[Result "1-0"]
[ECO "E06"]
[WhiteElo "2242"]
[BlackElo "2103"]
[Annotator "NA RC"]
[PlyCount "79"]
[EventDate "2024.01.07"]
[EventType "team-tourn"]
[EventCountry "ISR"]
[SourceTitle "playchess.com"]
[Source "ChessBase"]
[SourceQuality "1"]
[TimeControl "40/5400+30:1800+30"]

1. d4 d5 2. c4 e6 3. Nf3 Nf6 4. g3 Bb4+ 5. Bd2 Be7 6. Bg2 O-O 7. O-O c6 8. Qc2 b6 9. Bf4 Ba6 {[%emt 0:05:06] E06: Closed Catalan: Early deviations.} 10. Ne5 dxc4 11. Rd1 Nd5 12. Nxc4 Nd7 13. Bd6 Rc8 14. e4 Bxc4 15. Bxe7 Qxe7 16. Qxc4 b5 17. Qe2 N5b6 18. e5 c5 $14 19. Nc3 cxd4 20. Nxb5 d3 21. Rxd3 Rc5 22. Nxa7 Nxe5 23. Ra3 Qc7 24. Rd1 Rc2 25. Qb5 Nec4 26. Ra6 Rxb2 27. Qh5 g6 28. Qg5 h6 29. Qf6 Rd2 30. Rxd2 Nxd2 31. Nc6 Nd5 32. Bxd5 exd5 33. Ra7 Ne4 34. Qxg6+ fxg6 35. Rxc7 Rxf2 36. Ne7+ Kf7 37. Nxd5+ Kf8 38. Nf4 g5 39. Ng6+ Kg8 40. Re7 1-0

[Event "Israel National League 2024"]
[Site "Israel"]
[Date "2024.02.09"]
[Round "5.7"]
[White "Erigaisi Arjun"]
[Black "Nabaty, Tamir"]
[Result "1-0"]
[ECO "A29"]
[WhiteElo "2738"]
[BlackElo "2646"]
[Annotator "TA"]
[PlyCount "113"]
[EventDate "2024.01.07"]
[EventType "team-tourn"]
[EventCountry "ISR"]
[SourceTitle "playchess.com"]
[Source "ChessBase"]
[SourceQuality "1"]
[TimeControl "40/5400+30:1800+30"]

1. c4 e5 2. g3 Nf6 3. Bg2 d5 4. cxd5 Nxd5 5. Nc3 Nf6 6. Nf3 Nc6 7. O-O h6 {[%emt 0:00:23] outshines the older 7...Be7. A29: English Opening: Four Knights Variation with 4 g3.} 8. b4 $5 {[%emt 0:04:11][%mdl 4] Exploring less charted territory.} e4 9. Ne1 Bxb4 10. Nxe4 Nxe4 11. Bxe4 O-O 12. Nc2 $146 ({Predecessor:} 12. Rb1 Ba5 13. e3 Re8 14. Bg2 Ne5 15. d4 c5 16. Bb2 Nc4 17. Nd3 cxd4 18. Bxd4 {½-½ Vachier Lagrave,M (2731)-So,W (2752) CCT Final playoff rapid 2023 (3.3)}) 12... Ba5 13. Bg2 Be6 14. d4 Bd5 15. Qd3 Bxg2 16. Kxg2 Nb4 17. Nxb4 Bxb4 18. Rb1 Qe7 19. e4 c6 20. f3 Rfd8 21. Rd1 Rd7 22. Qb3 Ba5 23. Qa4 Qd8 24. Bb2 Bb6 25. Ba1 Qe8 26. Rd2 Rad8 27. Rbd1 Qe6 28. Qc2 Qg6 29. Bc3 h5 30. a4 Bc7 31. Kh1 Qe6 32. Bb2 Ba5 33. Rd3 f5 (33... Bb4 $11 {remains equal.}) 34. d5 $1 $16 cxd5 35. exd5 Qg6 (35... Rxd5 $2 36. Qb3 $18) 36. Be5 Bb4 (36... Qe8 $11 37. f4 Rc8) 37. d6 $16 Qe6 38. Rd5 a5 (38... Bxd6 $2 39. Qd3 $18) 39. Bf4 g6 (39... Bxd6 $2 40. Qd3 $18 (40. Rxf5 $2 Bxf4 41. Rf1 Rd2 $19)) 40. Qd3 (40. Kg2 $18) 40... Qf7 (40... Rc8 $16) 41. Qb5 Rc8 42. h4 Qe6 43. Re5 Qf7 (43... Qb3 $16 44. Rf1 Qf7) 44. Re3 $1 $18 Rc2 {[%emt 0:05:08] [#]} 45. Rd5 (45. Qd3 $1 $18 Rc3 46. Qe2 Rxe3 47. Qxe3) 45... Rc6 (45... Kg7 $16 46. Re7 Rxe7 47. dxe7 Bxe7) 46. Kg2 Rc8 (46... Bxd6 $2 47. Qd3 $18 (47. Qxa5 Bxf4 48. Rxd7 Qxd7 $11)) (46... Kg7 $142 47. Qd3 Kh7) 47. Kh3 Re8 $2 (47... Rc6 48. Re2 Kh8 (48... Bxd6 $2 49. Qd3 $18)) 48. Rxe8+ Qxe8 49. Re5 Qf7 50. Re2 (50. Rd5 Kf8 51. Rd3 Kg7 52. Qe5+ Kg8 $18) 50... Bxd6 $2 {[%emt 0:01:42] [#]} (50... Kh7 {was necessary.} 51. Rc2 Bxd6) 51. Rd2 $1 $18 ({Not} 51. Qxa5 Bxf4 52. gxf4 Kh7 $11) 51... Qe6 52. Qd3 ({And not} 52. Qxa5 Bxf4 53. Rxd7 Qxd7 $11) 52... Qe1 53. Rd1 ({Worse is} 53. Bxd6 Rxd6 54. Qxd6 Qh1+ 55. Rh2 Qf1+ 56. Rg2 Qh1+ 57. Rh2 Qf1+ 58. Rg2 Qh1+ 59. Rh2 $11) 53... Qe6 54. Bxd6 f4+ 55. Kg2 fxg3 56. Kxg3 Kf7 57. Qd4 1-0

[Event "Israel National League 2024"]
[Site "Israel"]
[Date "2024.02.09"]
[Round "5.8"]
[White "Predke, Alexandr"]
[Black "Gelfand, Boris"]
[Result "1/2-1/2"]
[ECO "A34"]
[WhiteElo "2668"]
[BlackElo "2664"]
[Annotator "TA"]
[PlyCount "95"]
[EventDate "2024.01.07"]
[EventType "team-tourn"]
[EventCountry "ISR"]
[SourceTitle "playchess.com"]
[Source "ChessBase"]
[SourceQuality "1"]
[TimeControl "40/5400+30:1800+30"]

1. c4 c5 2. Nf3 Nf6 3. Nc3 Nc6 4. g3 d5 5. d4 cxd4 6. Nxd4 e5 {[%emt 0:00:30] A34: Symmetrical English: 2 Nc3, lines with ...d5.} 7. Nxc6 bxc6 8. Bg2 d4 9. Bxc6+ Bd7 10. Bxa8 Qxa8 11. Nd5 Nxd5 12. cxd5 Qxd5 13. O-O Bd6 14. Qb3 Qa8 $146 ({Predecessor:} 14... Qc6 15. Qf3 Qxf3 16. exf3 f6 17. f4 Bb5 18. Rd1 Kd7 19. Bd2 Rb8 20. fxe5 fxe5 {½-½ Koestner,W (2174)-Warzecha,H (2247) VW-Cup8 Gr16 email 2015}) 15. Bd2 O-O 16. Rfc1 Rb8 17. Qc2 h5 18. b4 h4 19. f3 Bb5 20. Kf2 d3 21. exd3 Rd8 22. a4 Bxd3 23. Qc6 Qb8 24. b5 Bf5 (24... e4 $142 25. f4 g5 26. Be3 (26. fxg5 $2 Bxg3+ 27. Kg2 h3+ $19)) 25. Be3 $18 (25. gxh4 $2 e4 26. Bg5 (26. fxe4 Bc5+ 27. Qxc5 Qxh2+ 28. Kf3 Rxd2) 26... Bf4 27. Bxd8 Qxd8 $19) 25... Bc8 26. Qe4 (26. gxh4 Bb7 27. Qc2 e4 $15) 26... Bb7 27. Qxh4 Re8 28. Rc3 e4 29. Rd1 exf3 30. Qc4 Qd8 31. Rcd3 $2 (31. Bxa7 $2 Bc5+ (31... Bxg3+ 32. Kxg3 Qxd1 33. Bf2 $19) 32. Bxc5 Qxd1 $19) (31. Kg1 $1 $18) 31... Qd7 $1 $17 32. Qh4 (32. Rxd6 $2 Qh3 33. Ke1 Qg2 $19 (33... Rxe3+ 34. Kd2 $11) (33... Rxe3+ 34. Kd2 $11)) 32... Qe6 $1 33. Kg1 (33. Rxd6 $2 Qxe3+ 34. Kf1 Qe2+ 35. Kg1 Qg2#) 33... Be7 $1 34. Qf4 $2 (34. Qd4 $17 f2+ 35. Kxf2 (35. Bxf2 $2 Qh3 $19)) 34... g5 $1 $19 35. Qd4 f2+ $1 36. Kxf2 Qf5+ 37. Ke1 {[%emt 0:00:30] [#]} (37. Kg1 Bf6 (37... Qf3 $2 38. Qh8+ Kxh8 39. Bd4+ Kg8 40. Rxf3 $19) 38. Qxa7 Qf3 $19) 37... Bf6 $1 38. Qd7 $2 {[%emt 0:00:30] [#]} (38. Qxa7 {only move.} Qf3 39. Qb6) 38... Qxd7 $2 ({Black should play} 38... Qe4 $1 $19 {[%cal Re4h1] ...Qh1+ would now be deadly.} 39. Qh3 g4 (39... Qxa4 40. Kf2 $17) (39... Qf3 40. Kd2 $15)) 39. Rxd7 $11 Rxe3+ 40. Kf2 (40. Kd2 $5 Re7 $8 41. Rxe7 Bxe7 42. a5 $17) 40... Rf3+ 41. Ke2 Be4 42. Rf1 g4 43. Rxf3 gxf3+ 44. Ke3 Bc3 45. Rd1 $1 (45. Kxe4 $2 f2 46. Kd3 (46. Rxa7 $2 f1=Q $19) (46. Rd8+ $2 Kg7 $19) 46... f1=Q+ $19 (46... f1=B+ 47. Kxc3 a6 48. b6 Bg2 49. b7 Bxb7 50. Rxb7 Kg7 51. a5)) 45... Bb7 46. Rd7 $1 Be4 $1 47. Rd1 $1 (47. Kxe4 $2 {too greedy.} f2 48. Kd3 (48. Rxa7 $2 {perishes.} f1=Q $19) (48. Rd8+ $2 Kg7 $19) 48... f1=Q+ $19 (48... f1=B+ 49. Kxc3 Kf8 50. Rxa7 Ke8 51. b6 Kd8 52. Ra8+ Ke7 53. b7)) 47... Bb7 48. Rd7 1/2-1/2

[Event "Israel National League 2024"]
[Site "Israel"]
[Date "2024.02.09"]
[Round "5.9"]
[White "Rodshtein, Maxim"]
[Black "Roiz, Michael"]
[Result "1/2-1/2"]
[ECO "C77"]
[WhiteElo "2580"]
[BlackElo "2575"]
[Annotator "RC"]
[PlyCount "36"]
[EventDate "2024.01.07"]
[EventType "team-tourn"]
[EventCountry "ISR"]
[SourceTitle "playchess.com"]
[Source "ChessBase"]
[SourceQuality "1"]
[TimeControl "40/5400+30:1800+30"]

1. e4 e5 2. Nf3 Nc6 3. Bb5 a6 4. Ba4 Nf6 5. d3 d6 6. c3 g6 7. O-O Bg7 8. Re1 O-O 9. h3 Re8 10. Be3 b5 11. Bc2 a5 12. Nbd2 a4 13. a3 Bd7 14. d4 Na5 15. Bd3 Rb8 16. Qc2 Qe7 17. dxe5 dxe5 18. c4 b4 1/2-1/2

[Event "Israel National League 2024"]
[Site "Israel"]
[Date "2024.02.09"]
[Round "5.10"]
[White "Steinberg, Nitzan"]
[Black "Zanan, Evgeny"]
[Result "1/2-1/2"]
[ECO "C03"]
[WhiteElo "2551"]
[BlackElo "2487"]
[Annotator "TA"]
[PlyCount "118"]
[EventDate "2024.01.07"]
[EventType "team-tourn"]
[EventCountry "ISR"]
[SourceTitle "playchess.com"]
[Source "ChessBase"]
[SourceQuality "1"]
[TimeControl "40/5400+30:1800+30"]

1. e4 e6 2. d4 d5 3. Nd2 c5 4. Ngf3 Nf6 5. exd5 Nxd5 6. Nb3 cxd4 7. Nbxd4 Be7 8. c3 O-O 9. Bd3 Nd7 {[%emt 0:10:44] The old main line. C03: French Tarrasch: Unusual Black 3rd moves.} 10. O-O a6 11. Re1 Qc7 12. Bc2 N7f6 13. Ne5 Bd6 14. Ndf3 b5 15. Qd4 $146 ({Predecessor:} 15. Qe2 Bb7 16. Bg5 h6 17. Bd2 Rad8 18. Rad1 Nb4 19. Bb1 Nc6 20. Bf4 Ne7 21. Nd4 {0-1 Klundt,K (2358)-Nothnagel,H (2303) Hessenliga 1213 2012 (8.2)}) 15... Bb7 16. Qh4 Ne7 17. Bg5 Ng6 18. Nxg6 hxg6 19. Bxf6 Bxf3 20. Bg5 Bd5 21. Rad1 Rfe8 22. Re3 f5 23. g4 Bf4 24. Rh3 Bxg5 25. Qxg5 Qc4 26. gxf5 gxf5 27. Rg3 Ra7 {[%emt 0:00:13] [#]} 28. Bb3 (28. Qh5 $1 $18 Rf8 29. Bb3) 28... Qc5 $2 (28... Qc6 $16) 29. Bxd5 $2 (29. Rxd5 $18 exd5 30. Qxf5) 29... exd5 $16 {[%emt 0:00:05] [#]} 30. Rd4 ({Reject} 30. Qxf5 $6 Rf7 31. Qc2 (31. Qxd5 $2 {perishes.} Re1+ 32. Rxe1 Qxd5 $19) 31... Qc4 $11) ({White should try} 30. Qh5 $1 Qc6 31. Rh3 (31. Qxf5 Rf7 $16)) 30... Rf7 $16 31. Re3 (31. Rh4 $16 {Hoping for Qh6.} f4 32. Rxf4) 31... Rxe3 $11 32. Qxe3 Re7 33. Qg5 Re4 34. Qd8+ Kh7 35. Qxd5 Qxd5 36. Rxd5 Re2 37. b4 g6 38. a4 bxa4 39. Ra5 Rc2 40. Rxa4 Rxc3 41. Rxa6 Rb3 42. Rb6 Kh6 43. b5 Kh5 44. Kg2 g5 45. h3 g4 46. hxg4+ Kxg4 47. Rb8 Kf4 48. b6 Rb2 49. Rb7 Rb3 50. Rb8 Rb2 51. b7 Rb1 52. Kh2 Rb3 53. Kg1 Rb2 54. Kg2 Rb1 55. Kh2 Rb3 56. Kg2 Rb1 57. Kh2 Rb3 58. Kg2 Rb1 59. Kh2 Rb3 1/2-1/2

[Event "Israel National League 2024"]
[Site "Israel"]
[Date "2024.02.09"]
[Round "5.11"]
[White "Bronstein, Or"]
[Black "Mikhalevski, Victor"]
[Result "1/2-1/2"]
[ECO "D87"]
[WhiteElo "2441"]
[BlackElo "2524"]
[Annotator "TA"]
[PlyCount "88"]
[EventDate "2024.01.07"]
[EventType "team-tourn"]
[EventCountry "ISR"]
[SourceTitle "playchess.com"]
[Source "ChessBase"]
[SourceQuality "1"]
[TimeControl "40/5400+30:1800+30"]

1. d4 Nf6 2. c4 g6 3. Nc3 d5 4. cxd5 Nxd5 5. e4 Nxc3 6. bxc3 Bg7 7. Bc4 c5 8. Ne2 Nc6 9. Be3 O-O 10. O-O b6 11. Qd2 Bb7 12. d5 Ne5 13. Bb3 {[%emt 0:00:36] The position is equal.} c4 14. Bc2 e6 15. d6 (15. dxe6 $11 fxe6 16. Nd4) 15... Qd7 16. Rad1 Qc6 17. Bh6 Rad8 (17... Nd3 $15 18. Bxg7 Kxg7) 18. Bxg7 Kxg7 19. Nd4 Qxd6 {[%emt 0:07:47][%cal Oe5d3] [#]} 20. Nf5+ $1 exf5 21. Qxd6 Rxd6 22. Rxd6 fxe4 23. Rfd1 f5 24. a4 Re8 25. a5 (25. Rd7+ Nxd7 26. Rxd7+ Kf6 27. Rxb7 Rd8) 25... b5 {[%emt 0:00:21] [#]} (25... Bc6 $1 $11) 26. Rd7+ $1 $16 Nxd7 27. Rxd7+ Kf6 28. Rxb7 {[%emt 0:00:01][%cal Og1f1][%mdl 4096] Endgame. Threatens to win with Kf1! KRB-KR. White is more active.} Rd8 (28... e3 $16 {was worth a try.} 29. fxe3 (29. Rxb5 e2 30. h3 e1=Q+ 31. Kh2 Qxf2 32. Rb1 Re2) 29... Rxe3) 29. Rxb5 $18 (29. Rxa7 Rd2 30. Rb7 (30. Ra6+ Ke7 $17) 30... Rxc2 $11) 29... Rd2 30. Ba4 Ra2 {[%emt 0:06:08] ( -> ...Ra1+)} 31. Bd1 Ra1 32. Rd5 Rc1 33. Kf1 Rxc3 34. Ke2 Ra3 35. Rc5 c3 36. g3 Ke6 37. Bc2 Kd6 38. Rc4 ({White should try} 38. Rc8) 38... Rxa5 (38... Kd5 $16 39. Ra4 Rxa4 40. Bxa4 Kc4) 39. Rxc3 Ra1 40. h4 Rc1 41. Kd2 Rf1 42. Ke2 Rc1 43. Kd2 Rf1 44. Ke3 {[%emt 0:00:12] Black must now prevent Bb3.} Re1+ $1 {[%emt 0:02:18] Weighted Error Value: White=0.21 (precise) /Black=0.16 (very precise) .  Mistake:       	White=2     	Black=4      Inaccurate:     	White=1     	---        OK:         	White=14    	Black=13     Best:        	White=3     	Black=3      Strong:       	---       	Black=1      Brilliant:      	White=2     	---} 1/2-1/2

[Event "Israel National League 2024"]
[Site "Israel"]
[Date "2024.02.09"]
[Round "5.12"]
[White "Postny, Evgeny"]
[Black "Veinberg, Nimrod"]
[Result "0-1"]
[ECO "E06"]
[WhiteElo "2597"]
[BlackElo "2411"]
[Annotator "TA"]
[PlyCount "80"]
[EventDate "2024.01.07"]
[EventType "team-tourn"]
[EventCountry "ISR"]
[SourceTitle "playchess.com"]
[Source "ChessBase"]
[SourceQuality "1"]
[TimeControl "40/5400+30:1800+30"]

1. c4 e6 2. g3 d5 3. Bg2 Nf6 4. Nf3 Be7 5. d4 O-O 6. Qc2 c5 7. O-O cxd4 8. Nxd4 e5 9. Nf5 d4 10. Nxe7+ {[%emt 0:00:19] The position is equal.} Qxe7 11. Bg5 Nbd7 12. e3 h6 13. Bxf6 Nxf6 14. exd4 exd4 15. Nd2 Rd8 16. Rfe1 Qc7 17. Rad1 Bg4 18. Nf3 Rac8 19. b3 b5 20. Rxd4 Rxd4 21. Nxd4 bxc4 22. Nc6 Be6 23. b4 Kh8 24. Qa4 Qb6 25. Nxa7 {[%emt 0:04:47] [#]} (25. b5 $11) 25... Ng4 $1 $17 26. Rf1 {[%emt 0:02:56] [#]} (26. Re2 Rd8) 26... Nxf2 $1 27. Rxf2 (27. Nxc8 $2 Nh3+ 28. Kh1 Qg1+ 29. Rxg1 Nf2#) 27... Rd8 28. Be4 (28. Nb5 $17 Rd2 (28... Bd7 29. Qa7 $11) 29. Qa8+ Kh7 30. Qe4+ g6 31. Qe1 Rxf2 (31... Rxa2 32. Nc3 $18) 32. Qxf2 Qxb5 33. Bh3) 28... Qe3 $19 29. Qc2 {[%emt 0:00:46] Hoping for Nc6.} Bg4 {[%emt 0:06:03] aiming for ...Rd1+.} (29... Qxa7 $2 30. a4 $19) 30. Kg2 Rd1 {[%emt 0:01:18] White must now prevent ...Qe1.} 31. Qxc4 (31. Rxf7 $2 Qg1#) (31. Nb5 $142 Qe1 32. Qxd1 Bxd1 33. Nd6) 31... Rd4 $2 $40 {[%emt 0:00:22][%mdl 128] Black goes for the king.} (31... Qxa7 $2 32. Qxf7 (32. Rxf7 $2 Rg1#) 32... Qxf7 33. Rxf7 $18) (31... Rd2 $1 $19 32. Rxd2 Qxd2+ 33. Kh1 Bh3) 32. Qc2 $17 Rxe4 (32... Qxe4+ 33. Qxe4 Rxe4 34. Rb2 $18 (34. Rxf7 Rxb4 35. Nc6 Ra4 $11)) 33. Nc6 {[%emt 0:00:10][%mdl 8192] Inhibits Rd4. This move loses the game for White.} (33. Nb5 $17) 33... Re8 $1 $19 {[%emt 0:02:25] ...Qe6 is the strong threat.} 34. b5 {[%emt 0:00:20][%cal Oh2h4] [#]} Qe6 $1 35. h4 Qd5+ 36. Kh2 Re1 $1 (36... Qxb5 37. Nd4 Qe5 38. Qd3 $15) 37. Rg2 Qxb5 {[%emt 0:00:57] ( -> ...Qf1)} 38. Qf2 Rf1 ({Don't play} 38... Qb1 39. Rg1 Rxg1 40. Qxg1 $17) 39. Qd4 (39. Qc2 $19) 39... Qxc6 (39... Qb1 $142 40. Qg1 Rxg1 41. Rxg1 Qc2+ (41... Qxa2+ $2 42. Rg2 $19) 42. Rg2 Qxc6 43. Rf2 Bf3 44. h5 Qd5 (44... Bxh5 $2 45. a3 $19) 45. Rb2 Qxh5+ (45... Bxh5 $2 46. Rf2 $19) 46. Kg1 Qc5+ 47. Kf1 Qc3 (47... Qc1+ {leads to mate.} 48. Kf2 Bg4 49. Rb8+ Kh7 50. Rd8 Qc5+ 51. Kf1 Qe3 52. Rh8+ Kxh8 53. Kg2 Qe2+ 54. Kg1 Bf3 55. a4 Qg2#) 48. Rb8+ Kh7 49. Kf2 Bg4 50. Rd8 Qf3+ 51. Kg1 Qe3+ (51... Qxg3+ 52. Kf1 Qe3 53. Kg2 Bf3+ 54. Kh2 Qf2+ 55. Kh3 Qg2+ 56. Kh4 Qh2#) 52. Kg2 Qe2+ 53. Kg1 Bf3 (53... Qxa2 {is a self mate.} 54. Kf1 Qe2+ 55. Kg1 Bf3 56. Rh8+ Kxh8 57. g4 Qg2#) 54. Rh8+ Kxh8 55. a4 Qg2#) 40. Qxg4 {[%emt 0:00:10] [#]} Qc1 $1 {[%emt 0:00:27] Weighted Error Value: White=0.68/Black=0.35.  Loses game:     	White=1     	---        Mistake:       	White=4     	Black=1      Inaccurate:     	White=1     	---        OK:         	White=14    	Black=9      Best:        	White=5     	Black=3      Strong:       	---       	Black=4      Brilliant:      	---       	Black=1} 0-1

[Event "Israel National League 2024"]
[Site "Israel"]
[Date "2024.02.09"]
[Round "5.13"]
[White "Kochavi, Ori"]
[Black "Galperin, Platon"]
[Result "1/2-1/2"]
[ECO "B47"]
[WhiteElo "2428"]
[BlackElo "2556"]
[Annotator "RC"]
[PlyCount "52"]
[EventDate "2024.01.07"]
[EventType "team-tourn"]
[EventCountry "ISR"]
[SourceTitle "playchess.com"]
[Source "ChessBase"]
[SourceQuality "1"]
[TimeControl "40/5400+30:1800+30"]

1. e4 c5 2. Nf3 e6 3. d4 cxd4 4. Nxd4 Nc6 5. Nc3 Qc7 6. g3 a6 7. Bg2 Nf6 8. O-O Nxd4 9. Qxd4 Bc5 10. Bf4 d6 11. Qd2 h6 12. Rad1 e5 13. Be3 Bxe3 14. fxe3 Be6 15. Qxd6 Rc8 16. Qxc7 Rxc7 17. Rd2 Ke7 18. Nd5+ Bxd5 19. exd5 Ne8 20. e4 Nd6 21. c3 Rc4 22. Re1 f6 23. Kf2 b5 24. Kf3 a5 25. Bf1 Rc5 26. h4 Rb8 1/2-1/2

[Event "Israel National League 2024"]
[Site "Israel"]
[Date "2024.02.09"]
[Round "5.14"]
[White "Sutovsky, Emil"]
[Black "Ben Ari, Yannay"]
[Result "1/2-1/2"]
[ECO "B51"]
[WhiteElo "2597"]
[BlackElo "2417"]
[Annotator "TA"]
[PlyCount "126"]
[EventDate "2024.01.07"]
[EventType "team-tourn"]
[EventCountry "ISR"]
[SourceTitle "playchess.com"]
[Source "ChessBase"]
[SourceQuality "1"]
[TimeControl "40/5400+30:1800+30"]

1. e4 c5 2. Nf3 d6 3. Bb5+ Nd7 4. c4 Ngf6 5. Nc3 g6 6. d4 {[%emt 0:00:52] B51: Sicilian: Moscow Variation (3 Bb5+) without 3...Bd7.} cxd4 7. Nxd4 Bg7 8. O-O O-O 9. Bxd7 Bxd7 10. Qd3 a6 11. a4 Ng4 12. Nf3 Rc8 13. h3 Nf6 14. Be3 Qa5 $146 ({Predecessor:} 14... Be6 15. Nd2 Nd7 16. Nd5 Nc5 17. Bxc5 dxc5 18. Qc2 Bd7 19. a5 Bc6 20. Nb6 Rc7 {0-1 Ameir,M (2352)-Saric,I (2645) Mediterranean-ch 11th 2021 (2)}) 15. Nd2 Be6 16. Bd4 Rfd8 17. Qe3 Qb4 18. a5 Nd7 19. Bxg7 Kxg7 20. Qd4+ Kg8 21. f4 Qc5 (21... Bxc4 22. Ra4 Qc5 (22... e5 $2 23. Qe3 $18) 23. Qxc5 (23. Rxc4 Qxa5 24. Rxc8 Rxc8 $18) 23... Rxc5 24. Nxc4 $18 (24. Rxc4 Rxc4 25. Nxc4 Kf8 $18)) (21... Qxb2 $2 22. Rfb1 Qc2 23. Ra2 $18 (23. Rxb7 Ne5 $11) (23. Rxb7 Rb8 $11)) 22. Qxc5 dxc5 23. Nd5 Kf8 24. Rf3 Nb8 (24... f5 $11) 25. Rb3 $16 Rd7 {[%emt 0:01:45] [#]} 26. Nf3 $1 Bxd5 27. cxd5 Rdc7 28. e5 (28. Rc3 $16) 28... Rd8 $11 29. Rd1 Rcd7 (29... Nc6 $11) 30. Ng5 (30. Rbd3 $16) 30... c4 31. Rb6 (31. Nxh7+ $2 {too greedy.} Kg7 32. Rb6 Kxh7 $19) 31... Rxd5 32. Rxd5 Rxd5 33. Rxb7 ({Reject} 33. Nxh7+ $6 Ke8 $11) 33... Nc6 34. Nxh7+ Kg7 {[%emt 0:00:15] [#]} 35. Ng5 $1 Kf8 36. Rb6 Nxa5 37. e6 (37. Rxa6 $16 Rb5 38. Nf3) 37... f6 $11 38. Ne4 Rd4 39. Nc3 Nb3 40. Rb8+ Kg7 41. Re8 f5 42. Rxe7+ Kf6 43. Re8 (43. Ra7 {simplifies} Kxe6 44. Rxa6+ Kf7 45. Ra7+) 43... Nc5 44. e7 Ne6 45. g3 Rd3 46. Kf2 Kf7 47. Ra8 Kxe7 48. Ra7+ Kf6 49. h4 Nc5 50. Rc7 Ne6 51. Rb7 Rd2+ 52. Ke1 Rd3 53. Ra7 Nc5 54. Rc7 Ne6 55. Rb7 Nc5 56. Rb6+ Kf7 57. Rc6 Ne6 58. Ne2 Rb3 59. Rxa6 Nc5 60. Rc6 Ne4 61. Rc7+ Kf6 62. Rc6+ Kf7 63. Rc7+ Kf6 1/2-1/2